 Dungeon Crawl Stone Soup version 0.17.2-1-ge4368a0 (webtiles) character file.

6 tidbits the Insei (level 1, -1/15 HPs)
             Began as a Demigod Transmuter on Sept 22, 2017.
             Slain by Natasha (8 damage)
             ... on level 2 of the Dungeon.
             The game lasted 00:03:30 (659 turns).

tidbits the Insei (Demigod Transmuter)               Turns: 659, Time: 00:03:30

Health: -1/15      AC:  2    Str: 13      XL:     1   Next: 60%
Magic:  4/5        EV: 12    Int: 16 (17) God:
Gold:   37         SH:  0    Dex: 16      Spells: 1 memorised, 2 levels left

rFire  . . .     SeeInvis .       - Unarmed
rCold  . . .     Clarity  .     b - +0 robe
rNeg   . . .     SustAt   +     (no shield)
rPois  .         Gourm    .     (no helmet)
rElec  .         Spirit   .     (no cloak)
rCorr  .         Warding  .     (no gloves)
rMut   .         Stasis   .     (boots currently unavailable)
MR     .....                    (no amulet)
Stlth  +.........               (no ring)
                                (no ring)

@: appendage, not resistant to hostile enchantments, very unstealthy
A: talons 3, high mp 1, sustain attributes
a: End Transformation


You were on level 2 of the Dungeon.
You were not hungry.
You had grown temporary talons.
You visited 1 branch of the dungeon, and saw 2 of its levels.

You collected 37 gold pieces.

Inventory:

Missiles
 a - 12 arrows
 e - 39 stones (quivered)
 j - 7 arrows of flame
Armour
 b - a +0 robe (worn)
Scrolls
 f - a scroll of remove curse {unknown}
 k - a scroll of random uselessness {unknown}
 m - a scroll of identify {unknown}
Books
 c - a book of Changes

   Spells                             Type                      Level
   a - Beastly Appendage              Transmutation                1
   b - Sticks to Snakes               Transmutation                2
   c - Spider Form                    Transmutation/Poison         3
   d - Ice Form                       Ice/Transmutation            4
   e - Blade Hands                    Transmutation                5
Comestibles
 d - 2 bread rations
 g - 4 fruits
 h - a meat ration
 i - 2 slices of pizza


   Skills:
 - Level 0.8 Fighting
 - Level 1.7 Dodging
 + Level 2.9 Unarmed Combat
 + Level 1.8 Spellcasting
 + Level 2.0 Transmutations


You had 2 spell levels left.
You knew the following spells:

 Your Spells              Type           Power        Failure   Level  Hunger
e - Beastly Appendage     Trmt           #.....       10%         1    ##.....


Dungeon Overview and Level Annotations

Branches:
Dungeon (2/15)

Annotations:
D:2 Natasha, Sigmund


Innate Abilities, Weirdness & Mutations

You have an increased reservoir of magic (+10% MP).
Your attributes are resistant to harm.
You have claws for feet.


Message History

a - 12 arrows (in hand)
You swing at nothing.
Your transformation is almost over.
You swing at nothing.
You swing at nothing.
You swing at nothing.
You swing at nothing.
You swing at nothing.
You swing at nothing.
You swing at nothing.
Your talons disappear.
You swing at nothing.
You swing at nothing.
You swing at nothing.
You swing at nothing.
You swing at nothing.
You swing at nothing.
You swing at nothing.
You swing at nothing.
You swing at nothing.
You swing at nothing.
You swing at nothing.
You swing at nothing.
You swing at nothing.
You swing at nothing.
You swing at nothing.
You swing at nothing.
You swing at nothing.
You swing at nothing.
You swing at nothing.
You swing at nothing.
You swing at nothing.
Your magical contamination has completely faded away.
Wield which item (- for none, * to show all)? (? for menu, Esc to quit)
You are now empty-handed.
Found 19 stones.
Found 4 fruits.
g - 4 fruits
e - 39 stones (gained 19)
Found a bread ration.
d - 2 bread rations (gained 1)
A goblin comes into view.
A goblin is nearby!
The goblin shouts!
Casting: Beastly Appendage
Confirm with . or Enter, or press ? or * to list all spells.
You grow a pair of large bovine horns.
You hit the goblin. Your headbutt misses the goblin.
The goblin is severely wounded.
The goblin barely misses you.
You miss the goblin.
The goblin is severely wounded.
The goblin hits you.
You closely miss the goblin.
The goblin is severely wounded.
Your transformation is almost over.
The goblin closely misses you.
You hit the goblin.
You kill the goblin!
Your Transmutations skill increases to level 2!
Magic restored.
Your horns disappear.
Found 10 gold pieces.
You now have 37 gold pieces (gained 10).
A kobold comes into view. It is wielding a dagger of venom.
The kobold moves out of view.
You can't go down here!
(D) Dungeon
Where to? (Enter - D:1 @ (x,y), ? - help)
There is an open door here.
There is an escape hatch in the floor here.
HP restored.
You slide downwards.
The hatch slams shut behind you.
Level annotation: Sigmund You see here a club.
A rat, a hobgoblin and Natasha come into view.
Natasha hisses angrily.
Natasha stares at you and mumbles some strange words.
The magic dart hits you!
You aren't carrying any potions.
Unknown command.
Casting: Beastly Appendage
Confirm with . or Enter, or press ? or * to list all spells.
Your feet morph into talons.
You hit Natasha. Your kick misses Natasha.
Natasha is moderately wounded.
Natasha claws you.
You hit Natasha but do no damage.
Natasha is moderately wounded.
Natasha claws you.
* * * LOW HITPOINT WARNING * * *
You closely miss Natasha.
Natasha is moderately wounded.
Natasha barely misses you.
You hit Natasha. Your kick misses Natasha.
Natasha is heavily wounded.
You hear a shout!
Natasha claws you!
Ouch! That really hurt!
You die...

#.....r. ##......
####.....h
........ #.#...
#..#.## #...g####
#..#h...##
#.#@.....# #####
#.##....## .....
#.. ####.## .##
.. #..# ..# #.#
##.# ....#
#####.#### #.#
....#. #........#
#.# .##...
#........# #.##
.......#...<....#
#..#


You could see Natasha and a hobgoblin.

Vanquished Creatures
  A bat (D:1)
  A goblin (D:1)
  A hobgoblin (D:2)
  A kobold (D:1)
  A giant newt (D:1)
5 creatures vanquished.

Notes
Turn   | Place    | Note
--------------------------------------------------------------
     0 | D:1      | tidbits the Demigod Transmuter began the quest for the Orb.
     0 | D:1      | Reached XP level 1. HP: 15/15 MP: 5/5
   318 | D:2      | Noticed Sigmund
   511 | D:1      | Reached skill level 2 in Transmutations
   649 | D:2      | Noticed Natasha
   659 | D:2      | Slain by Natasha

Action                   || total
-------------------------++-------
Melee: Unarmed           ||    27
 Cast: Beastly Appendage ||     7
  Use: Potion            ||     2
 Stab: Sleeping          ||     1

Table legend:
 A = Turns spent in this place as a percentage of turns spent in the entire game.
 B = Non-inter-level travel turns spent in this place as a percentage of non-inter-level travel turns spent in the entire game.
 C = Inter-level travel turns spent in this place as a percentage of turns spent in this place.
 D = Turns resting spent in this place as a percentage of non-inter-level travel turns spent in this place.
 E = Turns spent auto-exploring this place as a percentage of non-inter-level travel turns spent in this place.
 F = Non-inter-level travel turns spent in this place divided by the number of levels of this place that you've seen.
                   A       B       C       D       E      F
               +-------+-------+-------+-------+-------+----------------------
         Total | 100.0 | 100.0 |   0.9 |   0.0 |   0.0 | 225.5
       Dungeon | 100.0 | 100.0 |   0.9 |   0.0 |   0.0 | 225.5
               +-------+-------+-------+-------+-------+----------------------

Table legend:
 A = Kills in this place as a percentage of kills in entire the game.
 B = Kills by you in this place as a percentage of kills by you in the entire game.
 C = Kills by friends in this place as a percentage of kills by friends in the entire game.
 D = Other kills in this place as a percentage of other kills in the entire game.
 E = Experience gained in this place as a percentage of experience gained in the entire game.
 F = Experience gained in this place divided by the number of levels of this place that you have seen.
                   A       B       C       D       E      F
               +-------+-------+-------+-------+-------+----------------------
         Total | 100.0 | 100.0 |  -nan |  -nan | 100.0 |   4.5
       Dungeon | 100.0 | 100.0 |  -nan |  -nan | 100.0 |   4.5
               +-------+-------+-------+-------+-------+----------------------

Vault maps used:
D:1:      dpeg_arrival_renting
D:2:      uniq_natasha, uniq_sigmund
